 Dungeon Crawl Stone Soup version 0.24.0-29-g8ce449bc06 (webtiles) character file.

Game seed: 16473591543459696290, levelgen mode: deterministic

582 Descartes the Sneak (level 7, -8/41 HPs)
             Began as an Octopode Enchanter on Nov 16, 2019.
             Mangled by a gnoll
             ... wielding a +0 halberd
              (15 damage)
             ... on level 4 of the Dungeon.
             The game lasted 00:08:29 (4763 turns).

Descartes the Sneak (Octopode Enchanter)            Turns: 4763, Time: 00:08:30

Health: -8/41      AC:  1    Str:  9    XL:     7   Next: 36%
Magic:  21/21      EV: 14    Int: 18    God:
Gold:   152        SH:  4    Dex: 12    Spells: 13/13 levels left

rFire    . . .     SeeInvis +   e - +2 dagger (venom)
rCold    . . .     Gourm    .   o - +0 buckler (curse)
rNeg     . . .     Faith    .   (helmet restricted)
rPois    .         Spirit   .   (no amulet)
rElec    .         Reflect  .   f - ring of see invisible
rCorr    .         Harm     .   (no ring)
MR       .....                  (no ring)
Stlth    ++++......             B - ring of Hyutowe {MP+9 Slay+2}
HPRegen  0.13/turn              (no ring)
MPRegen  0.17/turn              (no ring)
                                (no ring)
                                (no ring)

@: no status effects
A: almost no armour, stealthy swim, amphibious, 8 rings, constrict 8, camouflage
1, gelatinous body 1
a: no special abilities


You were on level 4 of the Dungeon.
You were not hungry.

You visited 1 branch of the dungeon, and saw 4 of its levels.

You collected 152 gold pieces.

Inventory:

Hand Weapons
 a - a +1 dagger
 e - a +2 dagger of venom (weapon)
Missiles
 p - 91 stones (quivered)
 q - 98 bolts
 u - 13 arrows
 y - 22 poisoned darts
 A - 4 boomerangs
Armour
 o - a cursed +0 buckler (worn)
Magical Staves
 w - a cursed staff of poison {unknown}
Jewellery
 f - a ring of see invisible (left tentacle)
 B - the ring of Hyutowe (on tentacle) {MP+9 Slay+2}
   (You found it on level 4 of the Dungeon)

   [ring of magical power]

   It affects your accuracy and damage with ranged weapons and melee attacks
   (+2).
   It affects your magic capacity (+9).
Scrolls
 b - 2 scrolls of identify
 d - 2 scrolls of teleportation
 i - a scroll of random uselessness
 k - 3 scrolls of magic mapping
 l - a scroll of enchant weapon {unknown}
 m - 2 scrolls of amnesia
 x - a scroll of enchant armour
Potions
 g - 2 potions of flight
 h - 3 potions of curing
 n - a potion of invisibility
 r - a potion of lignification {unknown}
 t - 2 potions of might {unknown}
 v - a potion of cancellation {unknown}
 z - 2 potions of degeneration {unknown}
Comestibles
 c - 12 rations
 j - 3 chunks of flesh


   Skills:
 + Level 3.6 Short Blades
 + Level 4.0 Dodging
 + Level 6.5 Stealth
 + Level 1.3 Shields
 + Level 3.8 Spellcasting
   Level 3.4 Hexes


You had 13 spell levels left.
You didn't know any spells.
Your spell library contained the following spells:

 Spells                   Type           Power        Failure   Level  Hunger
 Corona                   Hex            ###....      5%          1    None
 Ensorcelled Hibernation  Hex/Ice        #.....       16%         2    ##.....
 Confuse                  Hex            ###.....     16%         3    ###....
 Tukima's Dance           Hex            ###.....     16%         3    ###....
 Dazzling Spray           Conj/Hex       #.....       32%         3    ###....


Dungeon Overview and Level Annotations

Branches:
Dungeon (4/15)
 Temple: D:4-7

Altars:
Ashenzari
Cheibriados
Elyvilon
Kikubaaqudgha
Okawaru
Ru
Uskayaw
Vehumet
Yredelemnul
Zin
The Shining One


Innate Abilities, Weirdness & Mutations

You cannot wear most types of armour.
You are very stealthy in the water. (Stealth+)
You are amphibious.
You can wear up to eight rings at the same time.
You can use your tentacles to constrict eight enemies at once.
Your skin changes colour to match your surroundings (Stealth+).
Your rubbery body absorbs attacks. (AC +1, EV +1)


Message History

You constrict the frilled lizard. You hit the frilled lizard.
You kill the frilled lizard!
You hit the giant cockroach but do no damage.
The giant cockroach is poisoned.
Your grab misses the giant cockroach.
You kill the giant cockroach!
The gnoll barely misses you. x2
You hit the gnoll. You grab the gnoll. You squeeze the gnoll.
The gnoll is almost dead.
You constrict the gnoll. The gnoll hits you but does no damage.
The gnoll barely misses you.
You hit the gnoll.
You kill the gnoll!
You block the gnoll's attack.
The gnoll hits you from afar with a +0 spear!
* * * LOW HITPOINT WARNING * * *
You see here a +0 spear.
You hit the gnoll but do no damage.
The gnoll is poisoned.
You grab the gnoll. You constrict the gnoll.
The gnoll hits you with a +0 halberd!
You die...

........รท.#
#.##...##g.#
#######...#
##........s.#
#...###......g5..##
#.....##.##.#g#####
##...........g....#
#..........#s###....
####.#######.# ##
#>#######.#
####.....@gg.#
#.....######.#
#.###.# ..# ###.#
#=# ### #.....#.#
#.....#.##
#>.......#
#.....#..#
#.....#..#


You could see 2 gnolls.

Vanquished Creatures
  Grinder (D:4)
  An ogre (D:4)
  A scorpion (D:4)
  A hound (D:4)
  Jessica (D:3)
  Robin (D:3)
  A gnoll (D:4)
  A howler monkey skeleton (D:4)
  5 adders
  An ooze (D:2)
  3 worms
  2 dart slugs
  7 leopard geckos
  4 orcs (D:3)
  5 giant cockroaches
  16 goblins
  7 hobgoblins
  6 jackals
  2 quokkas
  A ball python (D:3)
  5 bats
  6 frilled lizards
  10 kobolds
  8 rats
96 creatures vanquished.

Notes
Turn   | Place    | Note
-------+----------+-------------------------------------------
     0 | D:1      | Descartes the Octopode Enchanter began the quest for the
                  | Orb.
     0 | D:1      | Reached XP level 1. HP: 11/11 MP: 3/3
   367 | D:1      | Reached XP level 2. HP: 7/17 MP: 5/5
   966 | D:1      | Reached XP level 3. HP: 21/21 MP: 6/6
  2525 | D:2      | Reached XP level 4. HP: 27/27 MP: 7/7
  3071 | D:3      | Found a faded altar of an unknown god.
  3160 | D:3      | Noticed Robin
  3177 | D:3      | Killed Robin
  3177 | D:3      | Reached skill level 5 in Stealth
  3191 | D:3      | Reached XP level 5. HP: 10/31 MP: 9/9
  3468 | D:3      | Noticed Jessica
  3476 | D:3      | Killed Jessica
  3874 | D:3      | Found a glowing silver altar of Zin.
  4451 | D:4      | Got a smoking turquoise ring
  4452 | D:4      | Identified the ring of Hyutowe {MP+9 Slay+2} (You found it
                  | on level 4 of the Dungeon)
  4484 | D:4      | Noticed an ogre
  4487 | D:4      | Reached XP level 6. HP: 24/36 MP: 10/10
  4598 | D:4      | Reached skill level 6 in Stealth
  4605 | D:4      | Found a radiant altar of Vehumet.
  4605 | D:4      | Found an iron altar of Okawaru.
  4656 | D:4      | Found a glowing golden altar of the Shining One.
  4657 | D:4      | Found a snail-covered altar of Cheibriados.
  4657 | D:4      | Found a basalt altar of Yredelemnul.
  4657 | D:4      | Found an ancient bone altar of Kikubaaqudgha.
  4657 | D:4      | Found a white marble altar of Elyvilon.
  4657 | D:4      | Found a shattered altar of Ashenzari.
  4659 | D:4      | Found a sacrificial altar of Ru.
  4664 | D:4      | Found a hide-covered altar of Uskayaw.
  4727 | D:4      | Noticed Grinder
  4754 | D:4      | Killed Grinder
  4754 | D:4      | Reached skill level 1 in Shields
  4754 | D:4      | Reached XP level 7. HP: 13/41 MP: 12/12
  4763 | D:4      | Mangled by a gnoll

Levels and vault maps discovered:
D:1:      dpeg_arrival_brainrot, layout_basic, serial_park_tiny_pond
D:2:      layout_basic, serial_forest, infiniplex_forest_end_2,
          infiniplex_forest_zigzag_1, infiniplex_forest_clump_medium,
          infiniplex_forest_straight_4, infiniplex_forest_end_1,
          infiniplex_forest_lined_room_, infiniplex_forest_clump_cross
D:3:      layout_loops_ring, old_standard_altar,
          chequers_ecumenical_altar_simple, uniq_jessica, uniq_robin
D:4:      layout_loops_ring, minitemple, serial_shops, nicolae_shop_trees,
          first_ration, nemelex_spade_bored_becter, uniq_edmund, uniq_eustachio,
          uniq_grinder

Skill      XL: |  1  2  3  4  5  6 |
---------------+-------------------+-----
Short Blades   | 2 3 |  3.6
Stealth        | 5 6 |  6.5
Dodging        | 3 4 |  4.0
Spellcasting   | 3 |  3.8
Shields        | 1 |  1.3
Hexes          | |  3.4

Action                   |  1- 3 |  4- 6 |  7- 9 || total
-------------------------+-------+-------+-------++-------
Melee: Dagger            |    81 |   111 |     7 ||   199
       Constrict         |    22 |    17 |     3 ||    42
       Tentacles         |    11 |     7 |     1 ||    19
  Use: Scroll            |       |     9 |       ||     9
 Stab: Sleeping          |    12 |    18 |       ||    30
       Distracted        |     1 |       |       ||     1
  Eat: Chunk             |     5 |     7 |       ||    12
Armor: Skin              |     5 |       |     1 ||     6
Dodge: Dodged            |    28 |    56 |     4 ||    88
Block: Buckler           |       |     1 |     1 ||     2
